 Dungeon Crawl Stone Soup version 0.29-a0-409-gd843f3a48c (webtiles) character file.

Game seed: 5298443773642835807

3264 quinnr the Zephyrmancer (level 10, -3/53 HPs)
             Began as a Tengu Air Elementalist on May 13, 2022.
             Was a Believer of Qazlal.
             Slain by a boulder beetle (28 damage)
             ... on level 7 of the Dungeon.
             The game lasted 00:17:38 (8392 turns).

quinnr the Zephyrmancer (Tengu Air Elementalist)    Turns: 8392, Time: 00:17:38

Health: -3/53      AC:  4    Str:  8    XL:     10   Next: 0%
Magic:  0/26       EV: 15    Int: 20    God:    Qazlal [**....]
Gold:   260        SH:  3    Dex: 15    Spells: 1/17 levels left

rFire   . . .      SeeInvis .   r - +0 dagger
rCold   + . .      Faith    +   (no shield)
rNeg    . . .      Spirit   .   w - +0 leather armour {rC+}
rPois   .          Reflect  .   (helmet restricted)
rElec   .          Harm     .   i - +0 cloak
rCorr   .          Rampage  .   (no gloves)
Will    .....                   (boots unavailable)
Stlth   +.........              A - amulet of faith
HPRegen 0.17/turn               p - ring of magical power
MPRegen 0.20/turn               n - ring of wizardry

@: flying quickly and evasively, quick
A: beak, talons 3, nimble flight
a: Renounce Religion, Upheaval


You were on level 7 of the Dungeon.
You worshipped Qazlal.
Qazlal was pleased with you.
You visited 2 branches of the dungeon, and saw 8 of its levels.

You collected 260 gold pieces.

Inventory:

Hand Weapons
 r - a +0 dagger (weapon)
Missiles
 c - 3 curare-tipped darts
 s - 16 poisoned darts
Armour
 a - a +0 robe
 i - a +0 cloak (worn)
 w - a +0 leather armour of cold resistance (worn)
Jewellery
 g - a ring of flight
 n - a ring of wizardry (right hand)
 p - a ring of magical power (left hand)
 z - an amulet of guardian spirit
 A - an amulet of faith (around neck)
Scrolls
 j - 2 scrolls of fog
 k - 3 scrolls of identify {unknown}
 l - 2 scrolls of blinking {unknown}
 o - 4 scrolls of teleportation
 v - a scroll of poison {unknown}
 x - a scroll of magic mapping {unknown}
 y - a scroll of torment {unknown}
Potions
 b - 3 potions of magic
 d - 2 potions of attraction {unknown}
 e - 2 potions of degeneration {unknown}
 f - a potion of flight {unknown}
 h - 3 potions of curing
 m - a potion of cancellation {unknown}
 q - 2 potions of brilliance {unknown}
 t - a potion of heal wounds {unknown}
 u - a potion of mutation {unknown}


   Skills:
 - Level 2.0 Fighting
 - Level 4.0 Armour
 - Level 4.0 Dodging
 - Level 2.0 Stealth
 - Level 4.0 Spellcasting
 - Level 3.0 Conjurations
 + Level 1.3 Transmutations
 - Level 2.0 Fire Magic
 - Level 4.0 Ice Magic
 * Level 13.6 Air Magic
 - Level 2.0 Poison Magic


You had one spell level left.
You knew the following spells:

 Your Spells              Type           Power      Damage    Failure   Level
a - Shock                 Conj/Air       100%       1d9       1%          1
b - Mephitic Cloud        Conj/Pois/Air  28%        N/A       1%          3
c - Freezing Cloud        Conj/Ice/Air   15%        6-21      12%         5
d - Airstrike             Air            28%        N/A       1%          4
e - Ignite Poison         Fire/Tmut/Pois 11%        N/A       11%         3

Your spell library contained the following spells:

 Spells                   Type           Power      Damage    Failure   Level
 Apportation              Tloc           8%         N/A       8%          1
 Static Discharge         Conj/Air       37%        N/A       1%          2
 Swiftness                Air            56%        N/A       1%          3
 Ozocubu's Armour         Ice            20%        N/A       4%          3
 Alistair's Intoxication  Tmut/Pois      6%         N/A       67%         5
 Ozocubu's Refrigeration  Ice            10%        4d7       100%        7


Dungeon Overview and Level Annotations

Branches:
Dungeon (7/15)             Temple (1/1) D:5

Altars:
Ashenzari
Dithmenos
Elyvilon
Hepliaklqana
Qazlal
Uskayaw

Shops:
D:1 (   D:6 [


Innate Abilities, Weirdness & Mutations

You have a beak for a mouth.
You have claws for feet.
Your magical nature lets you fly swiftly and evasively.


Message History

Aiming: Airstrike (safe; 1% risk of failure)
Press: ? - help, Dir - move target, f/p - boulder beetle
Aim: a boulder beetle (severely wounded, empty space bonus: 5/8)
The air twists around and strikes the boulder beetle but does no damage.
Unknown command.
Casting: Airstrike (safe; 1% risk of failure)
Confirm with . or Enter, or press ? or * to list all spells.
Aiming: Airstrike (safe; 1% risk of failure)
Press: ? - help, Dir - move target, f/p - boulder beetle
Aim: a boulder beetle (severely wounded, empty space bonus: 5/8)
The air twists around and strikes the boulder beetle but does no damage.
Unknown command.
Unknown command.
You aren't carrying any items that you can evoke.
The boulder beetle curls into a ball and begins rolling!
You feel better. The boulder beetle misses you.
The boulder beetle stops rolling and uncurls.
Casting: Airstrike (safe; 1% risk of failure)
Confirm with . or Enter, or press ? or * to list all spells.
Aiming: Mephitic Cloud (safe; 1% risk of failure)
Press: ? - help, Shift-Dir - straight line, f/p - boulder beetle
Aim: a boulder beetle (heavily wounded, chance to affect: 43%)
The ball explodes into a vile cloud!
The stinking cloud engulfs the boulder beetle but does no damage.
The boulder beetle is heavily wounded.
The stinking cloud engulfs you but does no damage.
You hear an angry hiss.
The boulder beetle is engulfed in noxious fumes.
The boulder beetle barely misses you.
Unknown command.
The boulder beetle is engulfed in noxious fumes.
You hit the boulder beetle but do no damage.
You claw the boulder beetle, but do no damage.
You peck the boulder beetle, but do no damage.
The boulder beetle is heavily wounded.
An iguana comes into view.
The boulder beetle is engulfed in noxious fumes.
The boulder beetle bites you!!
Ouch! That really hurt!
You die...

#.#..# .#.# #.# ..#
#######.#..##.#.# #.#...#
#...............#####.#...#
#.#####.#..................
###.#..#..#######.#
#....○☼..°......#.#
#.###.○#○#°.###.#.#
#.#...B#.#..#.#.#.#
##.###.@###..#.#...#
#..................#
#..###..#.#..###.#.# .....#
#..#.#....#...# #####.#
#..###..###...# #.. ....
.... ..#.#
#.###..#.#..#.#.#.# +.#
#.l#.#..#.#.... #.# #..#
#..# #.....


You could see a boulder beetle and an iguana.

Vanquished Creatures
  An unseen horror (D:7)
  A kobold demonologist (D:5)
  A komodo dragon (D:5)
  Sigmund (D:5)
  Eustachio (D:5)
  2 steam dragons
  An ice beast (D:6)
  An orc warrior (D:6)
  A centaur (D:5)
  4 kobold brigands
  3 necrophages
  A bullfrog (D:7)
  5 scorpions
  2 howler monkeys
  4 hounds
  An orc priest (D:6)
  7 jellies
  6 iguanas
  A gnoll shaman (D:5)
  2 orc wizards
  4 gnolls (D:5)
  8 adders
  A shadow imp (D:7)
  3 ufetubi
  A worm (D:4)
  A dart slug (D:2)
  11 orcs
  4 ball pythons
  6 endoplasms
  2 giant cockroaches
  6 hobgoblins
  3 quokkas
  5 bats
  2 frilled lizards (D:1)
  6 goblins
  9 kobolds
  5 rats
123 creatures vanquished.

Notes
Turn   | Place    | Note
-------+----------+-------------------------------------------
     0 | D:1      | quinnr the Tengu Air Elementalist began the quest for the
                  | Orb.
     0 | D:1      | Reached XP level 1. HP: 10/10 MP: 4/4
   286 | D:1      | Reached XP level 2. HP: 15/15 MP: 1/6
   514 | D:1      | Reached skill level 5 in Air Magic
   830 | D:1      | Found Gagav's Antique Weapon Shoppe.
   837 | D:1      | Found a faded altar of an unknown god.
   866 | D:1      | Prayed at the altar of an unknown god.
   866 | D:1      | Became a worshipper of Qazlal Stormbringer
   866 | D:1      | Reached * piety under Qazlal
  1047 | D:2      | Reached XP level 3. HP: 19/19 MP: 1/7
  1281 | D:2      | Learned a level 3 spell: Mephitic Cloud
  1288 | D:2      | You are sucked into a shaft and drop 1 floor!
  1480 | D:3      | Found a broken altar of Ashenzari.
  1661 | D:3      | Reached XP level 4. HP: 24/24 MP: 0/8
  1755 | D:3      | Reached skill level 6 in Air Magic
  2237 | D:3      | Found a hazy altar of Hepliaklqana.
  2395 | D:4      | Noticed a scorpion
  2398 | D:4      | Noticed a necrophage
  2402 | D:4      | Noticed a scorpion
  2419 | D:3      | Killed a scorpion
  2419 | D:3      | HP: 2/24 [poisoned by a scorpion]
  2420 | D:3      | Reached skill level 1 in Poison Magic
  2420 | D:3      | Gained mutation: Your magical nature lets you fly swiftly
                  | and evasively. [Tengu growth]
  2420 | D:3      | Reached XP level 5. HP: 3/28 MP: 5/9
  2661 | D:3      | Reached skill level 7 in Air Magic
  2661 | D:3      | Reached XP level 6. HP: 27/32 MP: 3/10
  2742 | D:4      | Learned a level 5 spell: Freezing Cloud
  2853 | D:4      | Found a shadowy altar of Dithmenos.
  2904 | D:4      | Found a stormy altar of Qazlal.
  2937 | D:4      | Reached skill level 8 in Air Magic
  3440 | D:4      | Reached ** piety under Qazlal
  3531 | D:4      | Reached XP level 7. HP: 36/36 MP: 3/11
  4058 | D:5      | Entered Level 5 of the Dungeon
  4058 | D:5      | Noticed a kobold demonologist
  4060 | D:5      | Noticed a ynoxinul
  4069 | D:4      | Reached skill level 1 in Ice Magic
  4278 | D:5      | Reached skill level 9 in Air Magic
  4458 | D:5      | Noticed a soul eater
  4460 | D:5      | Noticed an ice devil
  5112 | D:5      | Noticed Sigmund
  5120 | D:5      | Reached XP level 8. HP: 24/41 MP: 6/12
  5271 | D:5      | Found a staircase to the Ecumenical Temple.
  5288 | D:5      | Reached skill level 10 in Air Magic
  5323 | D:5      | Killed Sigmund
  5324 | D:5      | Reached skill level 1 in Fighting
  5422 | D:5      | Killed a kobold demonologist
  5433 | Temple   | Entered the Ecumenical Temple
  5541 | D:5      | Reached skill level 11 in Air Magic
  5709 | D:5      | Noticed Eustachio
  5719 | D:5      | Killed Eustachio
  5848 | D:5      | Reached XP level 9. HP: 48/48 MP: 11/15
  5970 | D:5      | Noticed a komodo dragon
  6147 | D:5      | Killed a komodo dragon
  6148 | D:5      | Reached skill level 1 in Armour
  6148 | D:5      | Reached skill level 12 in Air Magic
  6892 | D:6      | Found Etapoleh's Antique Armour Shoppe.
  7290 | D:6      | Reached skill level 13 in Air Magic
  7425 | D:6      | Learned a level 4 spell: Airstrike
  7429 | D:6      | Learned a level 3 spell: Ignite Poison
  8048 | D:7      | Killed an unseen horror
  8049 | D:7      | Reached skill level 1 in Transmutations
  8049 | D:7      | Reached skill level 1 in Fire Magic
  8170 | D:7      | Reached XP level 10. HP: 45/53 MP: 5/17
  8356 | D:7      | Noticed a boulder beetle
  8392 | D:7      | Slain by a boulder beetle

Illustrated notes

Levels and vault maps discovered:
D:1:      sevenhm_arrival_forest_fort_small_4, layout_basic, serial_shops,
          nicolae_shop_trees, basic_ecumenical_altar
D:2:      layout_loops_ring, serial_bayou_pond_e, minmay_split_cup_large
D:3:      layout_loops_ring, nzn_hepliaklqana_mist_gate,
          nicolae_ashenzari_panopticon
D:4:      minmay_clustersquares, layout_rooms, lemuel_doored_altar,
          nicolae_dithmenos_shadow_blocks, minivault_14
D:5:      layout_gridville, minmay_temple_entry_drinking_statues,
          uniq_eustachio, uniq_sigmund
D:6:      wad_crossroads, layout_basic, serial_shops, shop
D:7:      layout_basic, general_overflow_altar, nicolae_ru_sacrificial_ziggurat,
          minmay_misc_feat_nine_boxes, nicolae_shop_sticking_my_neck_out
Temple:   pdpol_scorched_temple

Skill      XL: |  1  2  3  4  5  6  7  8  9 |
---------------+----------------------------+-----
Air Magic      | 5 6 7 8 9 11 13 | 13.6
Conjurations   | 2 3 |  3.0
Dodging        | 3 4 |  4.0
Poison Magic   | 1 2 |  2.0
Ice Magic      | 2 3 4 |  4.0
Fighting       | 2 |  2.0
Spellcasting   | 3 4 |  4.0
Armour         | 4 |  4.0
Transmutations | 1 |  1.3
Fire Magic     | 2 |  2.0
Stealth        | |  2.0

Action                   |  1- 3 |  4- 6 |  7- 9 | 10-12 || total
-------------------------+-------+-------+-------+-------++-------
Melee: Unarmed           |    17 |     5 |     1 |       ||    23
       Peck              |     3 |     2 |     9 |     1 ||    15
       Kick              |     3 |     1 |    20 |     2 ||    26
       Dagger            |       |       |    46 |     3 ||    49
       Punch             |       |       |     2 |       ||     2
 Cast: Shock             |    71 |    76 |   173 |     6 ||   326
       Mephitic Cloud    |     1 |     1 |    23 |     1 ||    26
       Freezing Cloud    |       |       |    18 |     2 ||    20
       Airstrike         |       |       |       |     4 ||     4
  Use: Potion            |       |     2 |       |     1 ||     3
       Scroll            |       |       |     2 |       ||     2
 Stab: Confused          |       |       |     6 |       ||     6
Armor: Robe              |     8 |     3 |     9 |       ||    20
       Leather armour    |       |       |     5 |     1 ||     6
Dodge: Dodged            |    16 |    31 |    90 |     5 ||   142
Block: Other             |     1 |     2 |     7 |     1 ||    11

Table legend: (Time is in decaauts)
 A = Elapsed time spent in this place.
 B = Non-inter-level travel time spent in this place.
 C = Inter-level travel time spent in this place.
 D = Time resting spent in this place.
 E = Time spent auto-exploring this place.
 F = Levels seen in this place.
 G = Mean time per level.
                   A        B        C        D        E       F      G
               +--------+--------+--------+--------+--------+-----+--------+
         Total |   8244 |   8099 |    145 |   2009 |   4845 |   8 | 1030.5 |
       Dungeon |   8155 |   8010 |    145 |   1922 |   4845 |   7 | 1165.0 |
        Temple |     88 |     88 |      0 |     87 |      0 |   1 |   88.0 |
               +--------+--------+--------+--------+--------+-----+--------+

Top non-repeatable levels by time:
     D:4: 1990 daAuts
     D:3: 1812 daAuts
     D:5: 1573 daAuts
     D:6: 1134 daAuts
     D:1: 881 daAuts
     D:2: 420 daAuts
     D:7: 342 daAuts
  Temple: 88 daAuts
